[Event "GrandPrix_29.05"]
[Site "Chess.com"]
[Date "2020.05.29"]
[Round "4"]
[White "Nodar_Lortkipanidze"]
[Black "Koalaskakistis"]
[Result "1-0"]
[WhiteElo "2401"]
[BlackElo "2084"]
[TimeControl "600+2"]
[EndTime "10:57:56 PDT"]
[Termination "Nodar_Lortkipanidze won by resignation"]

1. e4 c5 2. c3 d5 3. exd5 Nf6 4.
d4 Nxd5 5. c4 Nb4 6. a3 N4c6 7.
d5 Nd4 8. Be3 e5 9. dxe6 Bxe6 10.
Nf3 Nbc6 11. Nc3 g6 12. Bxd4 cxd4 13. Ne4 Bg7 14. Bd3 O-O 15. h3 a5 16. O-O b6 17.
Re1 h6 18. Qd2 a4 19. Qf4 Na5 20. Nd6 Qc7 21. Qg3 Rad8 22. Rxe6 fxe6 23. Qxg6 Qxd6 24. Qh7+ Kf7 25. Re1 Nc6 26. Qg6+ Ke7 27. Qxg7+ Rf7 28. Qxh6 Kd7 29. Ng5 Re7 30. Ne4 Qc7 31. c5 bxc5 32.
Nxc5+ Kc8 33. Rc1 Qd6 34. Bb5 Rc7 35. Qxe6+ Qxe6 36. Nxe6 d3 37. Nxd8 1-0

[Event "GrandPrix_29.05"]
[Site "Chess.com"]
[Date "2020.05.29"]
[Round "4"]
[White "DarkAlekhine"]
[Black "LorisinoC"]
[Result "0-1"]
[WhiteElo "1994"]
[BlackElo "2248"]
[TimeControl "600+2"]
[EndTime "10:58:00 PDT"]
[Termination "LorisinoC won by resignation"]

1. Nf3 d5 2. g3 Nf6 3. Bg2 c6 4. O-O Bg4 5. d3 e6 6. h3 Bh5 7. Nbd2 Nbd7 8. e4 Bd6 9. Qe1 Qc7 10. b3 O-O 11. Bb2 e5 12. Nh4 Rfe8 13. Kh1 Rac8 14.
Nf5 Bf8 15. f4 dxe4 16. dxe4 a5 17. Nc4 exf4 18. gxf4 Bg6 19. Ne5 Nxe5 20. Bxe5 Rxe5 21. fxe5 Qxe5 22. Qg3 Qxg3 23. Nxg3 Re8 24. Rad1 Bc5 25. c3 h5 26. Rxf6 gxf6 27. h4 Bf2 28. Kh2 Bxg3+ 29. Kxg3 Bxe4 30. Bh3 Kh7 31. Rd7 Kg6 32. Rxb7 Bb1 33.
Kf4 Re4+ 34. Kf3 Rxh4 35. Bd7 Be4+ 36. Kg3 Rh1 37. Kf4 f5 38. Be8 Bd5 39. c4 Rf1+ 40.
Kg3 f4+ 0-1

[Event "GrandPrix_29.05"]
[Site "Chess.com"]
[Date "2020.05.29"]
[Round "4"]
[White "Novoselski"]
[Black "Ave_Mariia"]
[Result "1-0"]
[WhiteElo "2364"]
[BlackElo "2171"]
[TimeControl "600+2"]
[EndTime "10:58:09 PDT"]
[Termination "Novoselski won by resignation"]

1. Nf3 Nf6 2. c4 e6 3. g3 d5 4. Bg2 Bd6 5. O-O O-O 6. b3 c6 7.
Bb2 Nbd7 8. e3 b6 9. Qe2 Bb7 10.
Rd1 Qe7 11. d3 e5 12. e4 Rfe8 13. Nbd2 Nc5 14. Nh4 g6 15. Nf1 dxe4 16. dxe4 Rad8 17. h3 Ne6 18. Ne3 Nd4 19. Qf1 Bc5 20. Rd3 Rd7 21. Rad1 Red8 22. Kh2 b5 23. Bc3 b4 24. Bb2 Bb6 25.
R1d2 c5 26. Nd5 Nxd5 27. exd5 Bc7 28. Re3 Qf6 29. Nf3 Nf5 30. Re1 Re7 31. Rde2 Rde8 32.
Nd2 Nd4 33. Ne4 Qb6 34. Bxd4 exd4 35. d6 Bxd6 36. Nf6+ Kf8 37. Nd7+ Rxd7 38. Rxe8+ Kg7 39. Bxb7 Qxb7 40. Qd3 f6 41. R8e4 Be5 42. f4 Bd6 43. h4 Qc7 44. Kg2 Rf7 45. Qf3 h5 46. f5 Kh6 47. fxg6 Kxg6 48. Re6 Qd7 49. Qe4+ Kg7 50. Qf5 d3 51. Qxd3 Qb7+ 52. Qf3 Qc7 53. R1e4 Be5 54. Qxh5 Qd7 55. Qg4+ Kh7 56. Kh3 f5 57. Qh5+ 1-0

[Event "GrandPrix_29.05"]
[Site "Chess.com"]
[Date "2020.05.29"]
[Round "4"]
[White "ulkaf961"]
[Black "kosmeg"]
[Result "1-0"]
[WhiteElo "2017"]
[BlackElo "2026"]
[TimeControl "600+2"]
[EndTime "10:58:11 PDT"]
[Termination "ulkaf961 won on time"]

1. e4 c5 2. Nf3 d6 3. Bb5+ Nd7 4. O-O a6 5. Bd3 b5 6. c3 Bb7 7. Qe2 Ngf6 8. a4 c4 9. Bc2 e5 10. axb5 axb5 11. Rxa8 Qxa8 12. Na3 Bc6 13. d3 cxd3 14. Bxd3 Be7 15. Nxb5 O-O 16. Nh4 g6 17. Bg5 Rb8 18. c4 Nc5 19. Bc2 Bxe4 20. b4 h6 21. Bxf6 Bxf6 22.
bxc5 Bxc2 23. Qxc2 Bxh4 24. cxd6 Qc6 25. Qd3 Rc8 26.
Qh3 Qxc4 27. Na3 1-0

[Event "GrandPrix_29.05"]
[Site "Chess.com"]
[Date "2020.05.29"]
[Round "4"]
[White "Mesropov_Konstantin"]
[Black "Sunnika"]
[Result "1-0"]
[WhiteElo "2048"]
[BlackElo "2089"]
[TimeControl "600+2"]
[EndTime "10:58:12 PDT"]
[Termination "Mesropov_Konstantin won by resignation"]

1. c4 c6 2. Nf3 d5 3. e3 Nf6 4. Nc3 a6 5. b3 Bf5 6. Bb2 e6 7. Be2 h6 8. O-O Nbd7 9. d4 Bd6 10.
h3 Ne4 11. Bd3 Qf6 12. Qc2 Nxc3 13. Bxf5 Qxf5 14. Qxc3 Nf6 15. Nd2 O-O 16. c5 Bc7 17. f4 Ne4 18. Nxe4 Qxe4 19. Rad1 f6 20. Qd3 Qxd3 21.
Rxd3 e5 22. dxe5 fxe5 23. Bxe5 Bxe5 24. fxe5 Rae8 25. Rxf8+ Kxf8 26. Kf2 Rxe5 27. g4 Re4 28. Rd4 Ke7 29. Kf3 Re5 30. Rb4 Kd8 31. Rxb7 g5 32. Rb6 Kc7 33. Rxa6 Kb7 34. Rb6+ Kc7 35.
a4 Re8 36. a5 Ra8 37. b4 Ra7 38. e4 d4 39. Ke2 Ra8 40. a6 Rd8 41. Kd3 Rf8 42.
Rb7+ Kc8 43. Rh7 Rf3+ 44. Kxd4 Ra3 45. a7 Ra4 46. a8=Q+ Rxa8 47. Rh8+ Kb7 48. Rxa8 1-0

[Event "GrandPrix_29.05"]
[Site "Chess.com"]
[Date "2020.05.29"]
[Round "4"]
[White "szachuspl"]
[Black "iceboy88"]
[Result "1-0"]
[WhiteElo "2345"]
[BlackElo "2444"]
[TimeControl "600+2"]
[EndTime "10:58:17 PDT"]
[Termination "szachuspl won on time"]

1. d4 Nf6 2. c4 e6 3. Nf3 d5 4. Nc3 Bb4 5. Qa4+ Nc6 6. e3 O-O 7. Qc2 b6 8. Bd2 Bxc3 9. Bxc3 Ne4 10. Bd3 Nxc3 11. Qxc3 dxc4 12. Qxc4 Bb7 13. Rc1 Ne7 14. Qxc7 Rc8 15. Qxd8 Rfxd8 16. Rxc8 Rxc8 17. Kd2 f6 18. Rc1 Rxc1 19. Kxc1 Bxf3 20. gxf3 Kf7 21. Kd2 Nc8 22. f4 h6 23. Kc3 a5 24. f5 exf5 25. Bxf5 Nd6 26.
Bc2 g5 27. Kd3 h5 28. e4 Ke7 29. Bd1 h4 30. Be2 Nf7 31. Ke3 Kd6 32. f4 gxf4+ 33.
Kxf4 Nd8 34. e5+ fxe5+ 35. dxe5+ Ke7 36. Bg4 Nc6 37. Ke4 Nb4 38. a3 Na6 39. Kd5 a4 40. Kc6 Nc5 41. Bf5 Nb3 42. Kxb6 Nd2 43. Kb5 Nf3 44.
Kxa4 Nxh2 45. b4 Nf3 46. e6 Nd4 47. Bh3 Nxe6 48. b5 Nf4 49. Bg4 h3 50. Bf3 Kd6 51. b6 Nd3 52. Kb5 Ne5 53. Be4 Nd7 54. a4 Nc5 55.
Bh1 Nd7 56. a5 Ne5 57. a6 Nd7 58. a7 1-0

[Event "GrandPrix_29.05"]
[Site "Chess.com"]
[Date "2020.05.29"]
[Round "4"]
[White "Kopytkin"]
[Black "VitaliyBernadskiy"]
[Result "1/2-1/2"]
[WhiteElo "2217"]
[BlackElo "2366"]
[TimeControl "600+2"]
[EndTime "10:58:17 PDT"]
[Termination "Game drawn - insufficient material"]

1. e4 c5 2. c3 Nf6 3. e5 Nd5 4. Nf3 Nc6 5. d4 cxd4 6. cxd4 d6 7.
Bc4 dxe5 8. dxe5 Ndb4 9. Qxd8+ Nxd8 10. Na3 Bd7 11. O-O e6 12. Rd1 a6 13. Be3 Bc6 14.
Nd4 Bd5 15. Bxd5 Nxd5 16. Nc4 b5 17. Nd2 Rc8 18. Rac1 Rxc1 19. Rxc1 Kd7 20. Ne4 Be7 21.
Bg5 Bxg5 22. Nxg5 h6 23. Ne4 Nb7 24. g3 Rc8 25. Rxc8 Kxc8 26. Kf1 Nb4 27. Ke2 Nxa2 28. h4 Kc7 29. h5 Nb4 30. g4 Nc6 31. Nxc6 Kxc6 32.
Ke3 Kd5 33. f4 Na5 34. g5 Nc4+ 35. Kf3 Nxb2 36. Nf6+ Kc6 37. Ne8 Kd7 38. Nxg7 Ke7 39. gxh6 Kf8 40. f5 exf5 41. Nxf5 Kg8 42. Ke4 a5 43. Kd4 b4 44. Ne7+ Kh7 45. Nc6 a4 46.
Nxb4 a3 47. e6 fxe6 48. Na2 Na4 49. Ke5 Nc5 50. Kd6 Kxh6 51. Kxc5 Kxh5 52. Kb4 e5 53.
Kxa3 e4 54. Kb3 e3 55. Kc2 Kg4 56. Kd1 Kf3 57. Ke1 e2 58. Nc3 Ke3 59. Nxe2 1/2-1/2

[Event "GrandPrix_29.05"]
[Site "Chess.com"]
[Date "2020.05.29"]
[Round "4"]
[White "Shahinyan_ChessMood"]
[Black "MasterSonnevanck2"]
[Result "1-0"]
[WhiteElo "2271"]
[BlackElo "2036"]
[TimeControl "600+2"]
[EndTime "10:58:24 PDT"]
[Termination "Shahinyan_ChessMood won by resignation"]

1. e4 e5 2. Nf3 Nc6 3. Be2 Nf6 4. d3 d5 5. Nbd2 Be7 6. O-O O-O 7. c3 a5 8. Re1 b6 9. Qc2 Ba6 10. b3 Bc5 11. h3 d4 12. a3 dxc3 13. Qxc3 Nd4 14.
Bf1 Qe7 15. Bb2 Nh5 16. Nxd4 Bxd4 17. Qc2 Bxb2 18. Qxb2 Rad8 19. Re3 Nf4 20. Qc3 f6 21. b4 axb4 22. axb4 Bb5 23. g3 Ne6 24. h4 Nd4 25. Bh3 Ra8 26. Rc1 Ra7 27. Nf3 Nxf3+ 28. Rxf3 Bd7 29. Qc4+ Kh8 30. Bxd7 Qxd7 31. Qc6 Rd8 32. h5 h6 33. Rxf6 gxf6 34. Qxf6+ Kg8 35. Rc6 Rf8 36.
Qxh6 Rf7 37. Re6 Ra1+ 38. Kg2 Ra2 39. Qg5+ Rg7 40. Qxe5 Qf7 41. Rf6 Qd7 42. h6 Re7 43. Qg5+ Kh7 44. Qg6+ 1-0

[Event "GrandPrix_29.05"]
[Site "Chess.com"]
[Date "2020.05.29"]
[Round "4"]
[White "KJakubowski"]
[Black "Kobalia"]
[Result "1-0"]
[WhiteElo "2570"]
[BlackElo "2219"]
[TimeControl "600+2"]
[EndTime "10:58:27 PDT"]
[Termination "KJakubowski won by resignation"]

1. d4 d5 2. c4 c6 3. cxd5 cxd5 4. Nc3 e6 5. Nf3 Nc6 6. Bf4 Bd6 7. Bg3 Nge7 8. e3 Nf5 9. Bd3 Nxg3 10. hxg3 Bd7 11.
a3 Qe7 12. e4 dxe4 13. Nxe4 Rd8 14. Qd2 Bc7 15. Kf1 Bc8 16. Qc3 f5 17. Nc5 O-O 18.
Re1 Kh8 19. Nxe6 Bxe6 20. Rxe6 Qxe6 21. Rxh7+ Kg8 22. Ng5 Qd5 23. Bc4 f4 24. Bxd5+ Rxd5 25. Qc4 Rf5 26. g4 Rxg5 27. Rh5 Kf8 28. Rxg5 Rxg5 29. d5 Rg6 30. dxc6 Rxc6 31. Qb4+ Kg8 32. Qxb7 Rc1+ 33. Ke2 Bb6 34. Qd5+ Kh8 35. Qa8+ Kh7 36. Qe4+ Kh8 37. g5 Rc8 38. g6 1-0

[Event "GrandPrix_29.05"]
[Site "Chess.com"]
[Date "2020.05.29"]
[Round "4"]
[White "Murad_Ibrahimli"]
[Black "Shota_Azaladze"]
[Result "1-0"]
[WhiteElo "2613"]
[BlackElo "2302"]
[TimeControl "600+2"]
[EndTime "10:58:29 PDT"]
[Termination "Murad_Ibrahimli won by resignation"]

1. d4 Nf6 2. c4 g6 3. Nc3 c5 4.
d5 Bg7 5. e4 O-O 6. Nf3 e6 7.
Be2 d6 8. O-O e5 9. Bg5 h6 10.
Bh4 Qd7 11. Nd2 Nh7 12. Qa4 Ng5 13. Qxd7 Bxd7 14. Nb5 Bxb5 15. cxb5 Bf6 16. Bg3 Be7 17. a4 Nd7 18. a5 h5 19. h4 Nh7 20. Nc4 Nhf6 21.
Bd3 Rad8 22. b6 a6 23. f3 Kg7 24. Kf2 Nh7 25. Ne3 Rfe8 26. Ke2 Kg8 27. Be1 Bf8 28.
g4 Bh6 29. Nc4 Nb8 30. b4 hxg4 31. fxg4 Bf4 32. bxc5 dxc5 33. Bf2 Nf6 34. Rg1 Nxd5 35. exd5 e4 36. Bc2 Rxd5 37. Rad1 Rxd1 38. Rxd1 e3 39. Be1 Nc6 40. Bc3 Bg3 41. Rd7 Bxh4 42. Rxb7 Rd8 43. Rc7 Nd4+ 44. Bxd4 Rxd4 45. b7 Bg3 46. b8=Q+ 1-0

[Event "GrandPrix_29.05"]
[Site "Chess.com"]
[Date "2020.05.29"]
[Round "4"]
[White "Kezin_Roman"]
[Black "Arm-Akiba"]
[Result "0-1"]
[WhiteElo "2590"]
[BlackElo "2920"]
[TimeControl "600+2"]
[EndTime "10:58:30 PDT"]
[Termination "Arm-Akiba won by resignation"]

1. d4 Nf6 2. c4 e6 3. g3 d5 4. Bg2 Bb4+ 5. Bd2 Be7 6. Nf3 O-O 7. O-O Nbd7 8. Qc2 c6 9. Rd1 b6 10. Bf4 Ba6 11. Ne5 Rc8 12. Nc3 Bxc4 13. Nxc4 dxc4 14. e4 b5 15. a4 a6 16. axb5 axb5 17. d5 cxd5 18. exd5 e5 19. Bg5 Qb6 20. Bh3 Bc5 21. d6 Bd4 22. Bxf6 Nxf6 23. Bxc8 Rxc8 24. Ne4 Rd8 25.
Nxf6+ gxf6 26. d7 Rxd7 27. Ra8+ Kg7 28. Qf5 Qe6 29. Qxe6 fxe6 30. Kg2 Rb7 31. Rd2 b4 32. Rc8 c3 33. bxc3 bxc3 34. Rc2 Rb3 35. Kf3 f5 36. Ke2 e4 37. Rc7+ Kg6 38. Rc6 Kf6 39. f4 Ke7 40.
Rc4 e5 41. fxe5 Bxe5 42. Ke3 Rb2 43. Rxb2 cxb2 44. Rb4 h5 45. Rb5 Kd6 46. Ke2 h4 47.
gxh4 f4 48. h5 Bd4 49. h6 f3+ 50. Ke1 e3 51. h7 Bc3+ 52. Kd1 e2+ 53. Kc2 0-1

[Event "GrandPrix_29.05"]
[Site "Chess.com"]
[Date "2020.05.29"]
[Round "4"]
[White "haddinibilbaoo"]
[Black "Gareth-Bale11"]
[Result "0-1"]
[WhiteElo "2135"]
[BlackElo "2351"]
[TimeControl "600+2"]
[EndTime "10:58:33 PDT"]
[Termination "Gareth-Bale11 won on time"]

1. d4 Nf6 2. Nf3 d5 3. Bf4 c5 4. e3 Nc6 5. Nbd2 Bg4 6. h3 Bh5 7. g4 Bg6 8. dxc5 Qa5 9. c3 Qxc5 10. Nb3 Qb6 11. g5 Nh5 12. Qxd5 Nxf4 13. exf4 e6 14. Qb5 Qc7 15. Bg2 a6 16. Qc4 Bd6 17. Nfd4 Nxd4 18. Qxd4 O-O 19. O-O Bxf4 20. Qc5 Rac8 21. Qxc7 Rxc7 22.
h4 h6 23. gxh6 Bxh6 24. Rfd1 Bf4 25. Rd4 e5 26. Rb4 b5 27. a4 bxa4 28. Raxa4 Rd8 29. Bf3 Rd3 30. Kg2 Rd6 31. Be2 Rcc6 32. Rc4 Bc2 33.
Rxc6 Rxc6 34. Rb4 Rg6+ 35. Kf3 Bh6 36. Bc4 Kh7 37. Ke2 Rd6 38. Bxf7 Bd1+ 39. Ke1 Bf3 0-1

[Event "GrandPrix_29.05"]
[Site "Chess.com"]
[Date "2020.05.29"]
[Round "4"]
[White "grzechu96"]
[Black "Spartakus1975"]
[Result "0-1"]
[WhiteElo "2500"]
[BlackElo "2485"]
[TimeControl "600+2"]
[EndTime "10:58:37 PDT"]
[Termination "Spartakus1975 won by resignation"]

1. e4 e6 2. d4 d5 3. Nc3 Nf6 4. e5 Nfd7 5. f4 c5 6. Nf3 Nc6 7. Be3 Be7 8. Qd2 O-O 9. dxc5 Nxc5 10. O-O-O a6 11. Qf2 b6 12. h4 Qc7 13. h5 Bb7 14.
Kb1 Rac8 15. Bd3 Nxd3 16. cxd3 d4 17. Nxd4 Nxd4 18. Bxd4 b5 19. Ne4 Rfd8 20. h6 g6 21. Nd6 Bxd6 22. exd6 Qxd6 23. Bf6 Rd7 24. Rhe1 Qd5 25.
Qh4 Qf5 26. g4 Qxf4 27. Be5 Qf3 28. Rf1 Rxd3 29. Rde1 Be4 30. Ka1 Rcd8 31. Qxd8+ Rxd8 32. Rxf3 Bxf3 33. g5 Kf8 34. Bf6 Rd5 35. b4 Ke8 36.
Kb2 Kd7 37. Kc3 Kd6 38. Rf1 Bg4 39. Rf4 Bf5 40. Rd4 e5 41. Rxd5+ Kxd5 42. a3 Ke4 43.
Kd2 Kf4 44. Ke2 e4 45. Kf2 e3+ 46. Ke2 Bg4+ 47. Ke1 Be6 48. Be7 Bc4 49. Bf6 Ke4 50.
Kd1 Kd3 51. Ke1 Kc2 52. Bd4 e2 53. Bc5 Kb3 54. Kd2 Kxa3 55. Be7 Ka4 56. Bc5 a5 57. bxa5 Kxa5 58. Be7 b4 59. Bd6 Kb5 60. Be7 b3 61. Bf6 Kb4 62. Bb2 Kc5 63. Ke1 Kd5 64. Bf6 Ke4 65. Kd2 Kf4 66. Ke1 b2 67. Bxb2 Kxg5 68.
Bg7 f5 69. Kf2 Kg4 70. Be5 g5 71. Bf6 f4 72. Bd8 Kf5 73. Be7 g4 74. Bd6 g3+ 75. Ke1 Kg4 0-1

[Event "GrandPrix_29.05"]
[Site "Chess.com"]
[Date "2020.05.29"]
[Round "4"]
[White "ArnaudovP"]
[Black "Firegrizzly"]
[Result "1-0"]
[WhiteElo "2399"]
[BlackElo "2298"]
[TimeControl "600+2"]
[EndTime "10:58:37 PDT"]
[Termination "ArnaudovP won on time"]

1. Nf3 d5 2. d4 Nf6 3. c4 e6 4. g3 Bb4+ 5. Bd2 a5 6. Bg2 O-O 7. a3 Be7 8. O-O dxc4 9. Nc3 c6 10. e4 b5 11. b3 cxb3 12. Qxb3 Ba6 13. Rfe1 Nfd7 14.
e5 Qb6 15. Bg5 Bxg5 16. Nxg5 h6 17. Nf3 c5 18. d5 c4 19. Qc2 b4 20. axb4 axb4 21. Na4 Qa7 22. dxe6 fxe6 23. Qg6 Bb7 24. Qxe6+ Kh7 25. Qxc4 Nb6 26. Nxb6 Qxa1 27. Nxa8 Qxa8 28. Qd3+ Kg8 29. Qb3+ Kh7 30. Nh4 Bxg2 31. Nxg2 Nc6 32. e6 Qa7 33. Nf4 Nd4 34. Qd3+ Kg8 35. e7 Re8 36.
Re4 1-0

[Event "GrandPrix_29.05"]
[Site "Chess.com"]
[Date "2020.05.29"]
[Round "4"]
[White "madamDD"]
[Black "jacky72"]
[Result "0-1"]
[WhiteElo "2316"]
[BlackElo "2454"]
[TimeControl "600+2"]
[EndTime "10:58:42 PDT"]
[Termination "jacky72 won on time"]

1. e4 e5 2. Nf3 Nc6 3. Nc3 Nf6 4. Bb5 Nd4 5. Bc4 Bc5 6. d3 d6 7. Na4 b5 8. Nxd4 bxc4 9. Nf5 Bxf5 10. exf5 cxd3 11. Qxd3 Bb4+ 12. c3 Qd7 13. Qa6 Bc5 14. Nxc5 dxc5 15. Bh6 O-O 16. Be3 Qxf5 17. Bxc5 Qe4+ 18.
Qe2 Qxg2 19. O-O-O Qg5+ 20. Kb1 Rfd8 21. Rdg1 Qf5+ 22.
Ka1 Nd5 23. h4 Nf4 24. Qa6 Nd3 25. Be3 Nxf2 26. Bxf2 Qxf2 27. Rf1 Qb6 28. Qc4 Rd7 29. Rhg1 Rad8 30. Qg4 g6 31. a3 Rd2 32. Rb1 Rb8 33. Rg2 h5 34. Qg5 Rxg2 35. Qxg2 Qf6 36. Rf1 Qxh4 37.
Qd5 Qe7 38. Rg1 Rd8 39. Qc4 Kg7 40. Qa6 c5 41. Qc6 Rd6 42. Qf3 Kh7 43. Rh1 e4 44.
Qe3 Rd3 45. Qe2 f5 46. Re1 c4 47. Rg1 e3 48. Qg2 Rd6 49. Qa8 e2 50. Ka2 Rd1 0-1

[Event "GrandPrix_29.05"]
[Site "Chess.com"]
[Date "2020.05.29"]
[Round "4"]
[White "metra93"]
[Black "Meizon19"]
[Result "0-1"]
[WhiteElo "2379"]
[BlackElo "2292"]
[TimeControl "600+2"]
[EndTime "10:58:44 PDT"]
[Termination "Meizon19 won by checkmate"]

1. d4 Nf6 2. Nc3 d5 3. Bf4 g6 4.
e3 Bg7 5. h4 h6 6. Qd2 c6 7.
O-O-O b5 8. f3 Nbd7 9. Kb1 Nb6 10. Bd3 a5 11. e4 Be6 12. exd5 Nfxd5 13. Be5 Bxe5 14.
dxe5 Nxc3+ 15. Qxc3 Qd5 16. b3 b4 17. Qe1 Qc5 18. Be4 a4 19. Ne2 axb3 20. cxb3 O-O 21. h5 g5 22. Nd4 Qa5 23. Qe2 Nd5 24. Bxd5 Bxd5 25. Qb2 e6 26. Rhe1 Rfd8 27. f4 c5 28. Nc2 c4 29. bxc4 Bxc4 30. Rxd8+ Rxd8 31. Nxb4 Bxa2+ 32. Kc1 Rb8 33. Re4 Bd5 34. Rd4 gxf4 35. Rxf4 Qc5+ 36. Kd2 Bc4 37. Rg4+ Kf8 38. Qa3 Rxb4 39.
Qa8+ Ke7 40. Qh8 Qf2+ 41. Kc3 Qb2# 0-1

[Event "GrandPrix_29.05"]
[Site "Chess.com"]
[Date "2020.05.29"]
[Round "4"]
[White "mishikomchedlishvili"]
[Black "OK97"]
[Result "1-0"]
[WhiteElo "2272"]
[BlackElo "2466"]
[TimeControl "600+2"]
[EndTime "10:58:58 PDT"]
[Termination "mishikomchedlishvili won by resignation"]

1. d4 Nf6 2. g3 d5 3. Bg2 c5 4. Nf3 cxd4 5. O-O h6 6. b3 g5 7.
Nxd4 Bg7 8. Bb2 O-O 9. c4 e5 10. Nf3 e4 11. Nd4 dxc4 12. bxc4 e3 13. fxe3 Ng4 14.
Qb3 Qe7 15. Nc2 Bxb2 16. Qxb2 Nxe3 17. Nxe3 Qxe3+ 18. Kh1 Nc6 19. Nc3 Qe5 20. Qd2 Be6 21.
Nd5 Rad8 22. Rad1 Kg7 23. Rf3 Bxd5 24. cxd5 Qd6 25. Qb2+ Ne5 26. Rf5 Rfe8 27. Qxb7 Re7 28. Qb2 Kg8 29. Qd4 Rc8 30. Rdf1 Rc4 31. Qd2 Ng4 32.
e4 Re5 33. Rxf7 Qc5 34. d6 Rc2 35. Qxc2 Qxc2 36. d7 Qd2 37. Rf8+ Kg7 38. d8=Q Nf2+ 39. R1xf2 1-0

[Event "GrandPrix_29.05"]
[Site "Chess.com"]
[Date "2020.05.29"]
[Round "4"]
[White "N4700000"]
[Black "PavelShkapenko"]
[Result "1/2-1/2"]
[WhiteElo "2463"]
[BlackElo "2330"]
[TimeControl "600+2"]
[EndTime "10:59:00 PDT"]
[Termination "Game drawn by agreement"]

1. e4 c5 2. Nf3 e6 3. c4 Nc6 4.
Nc3 Nf6 5. Be2 d5 6. exd5 exd5 7.
d4 Be6 8. cxd5 Nxd5 9. O-O cxd4 10. Nxd4 Nxc3 11. bxc3 Nxd4 12. cxd4 Be7 13. Bf3 O-O 14.
Bxb7 Rb8 15. Bf3 Bd5 16. Be3 Bf6 17. Bxd5 Qxd5 18. Qa4 a5 19. Rab1 g6 20. h3 Kg7 21.
Rfc1 Rb4 22. Rxb4 axb4 23. Rc5 Ra8 24. Qxb4 Qxa2 25. Qc4 Qxc4 26. Rxc4 Ra1+ 27. Kh2 h5 28. Kg3 h4+ 29. Kf3 Rd1 30. Rc6 Be7 31. Rc1 Rxc1 32. Bxc1 f5 33. d5 g5 34. Bb2+ Bf6 35. Bxf6+ Kxf6 36. Ke3 Ke5 37. f4+ gxf4+ 38. Kf3 Kxd5 39. Kxf4 Ke6 40. Kg5 Ke5 41. Kxh4 Kf4 42. g4 Ke5 43. g5 f4 44. Kg4 Ke4 45. g6 f3 46. Kg3 Ke3 47. g7 f2 48. g8=Q f1=Q 49. Qg5+ Ke4 50.
Qe7+ Kd5 51. h4 Qf5 52. Qb7+ Ke6 53. Qc6+ Kf7 54. Qf3 1/2-1/2

[Event "GrandPrix_29.05"]
[Site "Chess.com"]
[Date "2020.05.29"]
[Round "4"]
[White "BogdanBelyakov89"]
[Black "Salnaa"]
[Result "1-0"]
[WhiteElo "2344"]
[BlackElo "2126"]
[TimeControl "600+2"]
[EndTime "10:59:03 PDT"]
[Termination "BogdanBelyakov89 won by resignation"]

1. e4 c5 2. c3 Nf6 3. e5 Nd5 4. Nf3 Nc6 5. d4 cxd4 6. cxd4 d6 7. Bc4 Nb6 8. Bb5 Bd7 9. Nc3 dxe5 10. dxe5 g6 11.
O-O Bg7 12. Qe2 O-O 13. Rd1 Qc8 14. Be3 Bg4 15. Bxb6 axb6 16. Nd5 Bxf3 17. gxf3 Qe6 18. Bxc6 bxc6 19. Nc7 Qxe5 20. Qxe5 Bxe5 21. Nxa8 Rxa8 22. Rd2 c5 23. a4 b5 24. a5 Ra6 25. Ra2 Bd6 26. Rd5 b4 27. Kf1 Kf8 28. Ke2 Ke8 29. Kd3 Kd7 30. Kc4 Kc6 31. h3 h6 32. b3 h5 33. Ra1 Ra7 34. Rdd1 Bc7 35. a6 Bd6 36. Ra5 Kb6 37. Rb5+ Kc6 38. Ra1 f6 39. Ra2 g5 40.
Ra1 e6 41. Ra2 Be7 42. Rb8 Bd6 43. Re8 Kd7 44. Rh8 Kc6 45. Rxh5 Be5 46. Kd3 Bd4 47. Rh8 Kb6 48. Re8 e5 49. Kc4 f5 50. Re6+ Kc7 51.
Rf6 f4 52. Rg6 1-0

[Event "GrandPrix_29.05"]
[Site "Chess.com"]
[Date "2020.05.29"]
[Round "4"]
[White "ftorodent"]
[Black "Skatchkov_V"]
[Result "1-0"]
[WhiteElo "2202"]
[BlackElo "2149"]
[TimeControl "600+2"]
[EndTime "10:59:07 PDT"]
[Termination "ftorodent won by resignation"]

1. d4 Nf6 2. c4 e6 3. Nf3 b6 4. a3 Bb7 5. Nc3 d5 6. Bg5 Be7 7. cxd5 Nxd5 8. Bxe7 Qxe7 9. Nxd5 Bxd5 10. e3 O-O 11.
Rc1 Rc8 12. Bc4 Bxc4 13. Rxc4 Nd7 14. Rc6 Nb8 15. Rc3 Nd7 16. O-O c5 17. Qc2 Rd8 18. dxc5 Nxc5 19. b4 Nb7 20. h3 Nd6 21. Rc7 Qf6 22.
Qc6 Ne8 23. Rd7 Rac8 24. Qb7 Rxd7 25. Qxd7 Qd8 26. Rd1 Qxd7 27. Rxd7 Rc7 28. Rd8 Kf8 29. Nd4 Ke7 30. Ra8 Nd6 31. b5 Nc8 32. Nc6+ Kd6 33.
f4 Kc5 34. a4 Kc4 35. Kf2 Kb3 36. a5 bxa5 37. Nxa5+ Kb4 38. Nb7 Kxb5 39. Rb8 Rxb7 40. Rxb7+ Kc6 41. Rxf7 a5 42. Ke2 a4 43. Kd3 Kb5 44.
Rxg7 Nb6 45. Rxh7 a3 46. Kc3 Nc4 47. Rb7+ Ka6 48. Rb1 1-0

[Event "GrandPrix_29.05"]
[Site "Chess.com"]
[Date "2020.05.29"]
[Round "4"]
[White "Glek_Igor"]
[Black "Nikame"]
[Result "0-1"]
[WhiteElo "2493"]
[BlackElo "2509"]
[TimeControl "600+2"]
[EndTime "10:59:16 PDT"]
[Termination "Nikame won on time"]

1. e4 d6 2. d4 Nf6 3. Nc3 e5 4. Nf3 Nbd7 5. Bc4 Be7 6. O-O O-O 7. a4 c6 8. Be3 Nxe4 9. Bxf7+ Rxf7 10. Nxe4 exd4 11. Qxd4 Nf6 12. Ng3 Nd5 13. c3 Bf6 14. Qd2 Nxe3 15. Qxe3 d5 16. Ne5 Re7 17. f4 Qb6 18.
Rae1 Bd7 19. Nh5 Bxe5 20. fxe5 Rae8 21. a5 Qxe3+ 22. Rxe3 Rxe5 23. Rxe5 Rxe5 24. Nf4 Bf5 25. Kf2 g5 26. Nh5 Bg6 27. Nf6+ Kg7 28. Nd7 Re7 29. Nc5 b6 30. axb6 axb6 31. Na4 Ra7 32. b3 b5 33. Nc5 Ra2+ 34. Kg3 Rc2 35. Rf3 h5 36. h4 gxh4+ 37. Kxh4 Rxg2 38. Ne6+ Kh6 39. Rf6 Rg4+ 40. Kh3 Kh7 41. b4 Rc4 42. Rf3 Be4 43. Rf7+ Kg6 44. Rc7 Bf5+ 0-1

[Event "GrandPrix_29.05"]
[Site "Chess.com"]
[Date "2020.05.29"]
[Round "4"]
[White "VladimirPotkin"]
[Black "Promacherr"]
[Result "0-1"]
[WhiteElo "1981"]
[BlackElo "2184"]
[TimeControl "600+2"]
[EndTime "10:59:22 PDT"]
[Termination "Promacherr won by resignation"]

1. c4 c6 2. Nf3 d5 3. d4 Nf6 4. e3 Bf5 5. Nc3 e6 6. Nh4 Bg6 7. Be2 Bd6 8. O-O Ne4 9. g3 Nd7 10.
Bf3 Ndf6 11. Nxg6 hxg6 12. Qc2 Nxc3 13. bxc3 dxc4 14. Qa4 Nd5 15. Qxc4 Qf6 16. Bg2 Rh5 17. e4 Nb6 18. Qe2 Qe7 19. a4 a5 20. Be3 Bc7 21.
Rfb1 Ra6 22. c4 Bd8 23. c5 Nc8 24. Rxb7 Qxb7 25. Qd3 Ra8 26. Rb1 Qd7 27. g4 Rh8 28.
d5 exd5 29. exd5 cxd5 30. c6 Qd6 31. h3 Bc7 32. Qc3 Ne7 33. Bc5 Qe5 34. Qd2 Qf4 35.
Qe2 Qe5 36. Qd2 Bd6 37. Bd4 Qf4 38. Qc3 Rc8 39. Be3 Qh2+ 40. Kf1 Rxc6 41. Qxg7 Qe5 42. Qxe5 Bxe5 43. Rb5 Bc7 44. Rb7 Kd7 45. Bd2 Rb8 46. Ra7 Rc2 47. Bxa5 Rb1+ 0-1

[Event "GrandPrix_29.05"]
[Site "Chess.com"]
[Date "2020.05.29"]
[Round "4"]
[White "guylevin1"]
[Black "titan013"]
[Result "0-1"]
[WhiteElo "2100"]
[BlackElo "2154"]
[TimeControl "600+2"]
[EndTime "10:59:24 PDT"]
[Termination "titan013 won on time"]

1. c4 e5 2. Nc3 Nf6 3. Nf3 Nc6 4.
a3 d5 5. cxd5 Nxd5 6. Qc2 Nxc3 7. dxc3 Bd6 8. e4 O-O 9. Be3 Qe7 10. Be2 Bc5 11. Bxc5 Qxc5 12. O-O a5 13. Rfd1 Bg4 14.
Rd5 Qe7 15. Rad1 Be6 16. Rb5 a4 17. c4 Bg4 18. Rxb7 Bxf3 19. Bxf3 Nd4 20. Qc3 Rfd8 21. g3 Qd6 22. Kg2 c5 23. b4 axb3 24. Rxb3 g6 25.
Rb7 Ra6 26. Rdb1 Rda8 27. a4 Rxa4 28. R1b6 Qd8 29. Bg4 Qg5 30. Bd7 Ra3 31. Qe1 Qh5 32. Rb8+ Kg7 33. Rxa8 Qf3+ 34. Kh3 Rxa8 35. Bg4 Qd3 36.
Qe3 Qxe3 37. fxe3 Nc2 38. Rb7 Ra6 39. Rc7 Nxe3 40. Rxc5 Ra2 41. Bf3 Kf6 42. Rc6+ Kg5 43. Rc7 h5 44. Rxf7 Ng4 45. Bg2 Nf2+ 46. Rxf2 Rxf2 47. c5 Rc2 48. c6 Rxc6 49. Bf3 Rc2 50. Bg2 Rd2 51. Bf3 Rf2 52. Bg2 Ra2 53. Bf3 Kh6 54.
g4 Kg5 55. gxh5 gxh5 56. Kg3 h4+ 57. Kh3 Ra3 58. Kg2 Kf4 0-1